[Event "Titled Tuesday Blitz June 1 2021"]
[White "Aditya Mittal"]
[Black "Viswanadha, Kesav"]
[WhiteFideId "35042025"]
[BlackFideId "2059533"]
[WhiteElo "2171"]
[BlackElo "2191"]
[Result "0-1"]
[Round "10"]
[TimeControl "180+1"]
[Date "2021.06.01"]
[WhiteClock "0:00:03"]
[BlackClock "0:00:11"]

1. Nf3 Nf6 2. g3 b5 3. e3 Bb7 4. Bxb5 g5 5. O-O h5 6. Nxg5 h4 7. Be2 Rg8 8. Bf3 Nc6 9. Nh3 e5 10. d4 e4 11. Bg2 Bd6 12. Nf4 Ne7 13. Nc3 Ng6 14. Nh5 Nxh5 15. Qxh5 Qe7 16. Qf5 hxg3 17. fxg3 O-O-O 18. Nxe4 Bb4 19. a3 Nh4 20. Qb5 Nxg2 21. axb4 Qxe4 22. Rxa7 Nh4 23. Kf2 Qf3+ 24. Ke1 Ng2+ 25. Kd2 Qxe3+ 26. Kd1 Qe4 27. Bd2 f5 28. Qa5 Rge8 29. c4 Qe2+ 30. Kc2 Qxc4+ 31. Bc3 Re2+ 32. Kb1 Kb8 33. d5 Bxd5 34. Rd1 Be4+ 35. Ka1 Re1 36. Bxe1 Ne3 37. Bc3 Nxd1 38. Ra6 Nxc3 39. bxc3 Qxc3+ 40. Ka2 Qc2+ 41. Ka3 Qc1+ 42. Kb3 Qc2+ 43. Ka3 Qc3+ 44. Ka2 Qc4+ 45. Ka3 Bd5 46. Kb2 Qb3+ 47. Kc1 Qc3+ 48. Kd1 Bf3# 0-1


[Site "https://www.chess.com"]

[Event "Titled Tuesday Blitz June 1 2021"]
[White "Alavi, Sayed Javad"]
[Black "Oparin, Grigoriy"]
[WhiteFideId "12500607"]
[BlackFideId "24125890"]
[WhiteElo "2495"]
[BlackElo "2628"]
[Result "0-1"]
[Round "10"]
[TimeControl "180+1"]
[Date "2021.06.01"]
[WhiteClock "0:00:24"]
[BlackClock "0:02:02"]

1. e4 c6 2. d4 d5 3. exd5 cxd5 4. Bd3 Nf6 5. c3 Nc6 6. Bf4 Bg4 7. Qb3 Qd7 8. Nd2 e6 9. Ngf3 Bd6 10. Bxd6 Qxd6 11. O-O O-O 12. Rae1 Qc7 13. Qc2 Bh5 14. Ne5 Bg6 15. Nxg6 hxg6 16. Re3 b5 17. Nb3 Qb6 18. Nc5 b4 19. Bxg6 fxg6 20. Qxg6 Nd8 21. Rfe1 bxc3 22. bxc3 Rc8 23. Rh3 Rxc5 24. dxc5 Qxc5 25. Rg3 Rf7 26. Rf3 Qd6 27. h4 e5 28. Rf5 Nc6 29. Qg5 Ne4 30. Qg4 Qd7 0-1


[Site "https://www.chess.com"]

[Event "Titled Tuesday Blitz June 1 2021"]
[White "Aldokhin, Ivan"]
[Black "Tristan, Leonardo"]
[WhiteFideId "24115720"]
[BlackFideId "113816"]
[WhiteElo "2306"]
[BlackElo "2404"]
[Result "0-1"]
[Round "10"]
[TimeControl "180+1"]
[Date "2021.06.01"]
[WhiteClock "0:00:01"]
[BlackClock "0:00:17"]

1. e4 d6 2. d4 Nf6 3. Nc3 g6 4. Bg5 Bg7 5. Qd2 h6 6. Bh4 g5 7. Bg3 Nh5 8. Nge2 Nc6 9. O-O-O Bd7 10. e5 dxe5 11. d5 Nd4 12. Nxd4 exd4 13. Nb5 Nxg3 14. hxg3 Bxb5 15. Bxb5+ Kf8 16. Bc4 b5 17. Bxb5 Qxd5 18. Qd3 Rb8 19. Bc4 Qxg2 20. Qf5 Bf6 21. Rhe1 Qb7 22. Bb3 Qb5 23. Qf3 a5 24. a4 Qc5 25. Kb1 h5 26. Re4 Kg7 27. Rde1 e6 28. Qg2 d3 29. Rc4 dxc2+ 30. Kxc2 Qf5+ 31. Ree4 Rxb3 32. Kxb3 Rb8+ 33. Ka3 Rxb2 34. g4 hxg4 35. Qxg4 Qxf2 36. Rxc7 Ra2+ 37. Kb3 Qb2+ 38. Kc4 Rxa4+ 39. Kc5 Qc2+ 40. Rc4 Rxc4+ 41. Qxc4 Qxc4+ 42. Kxc4 Kg6 43. Ra7 Bd8 44. Ra8 Bb6 45. Ra6 Bf2 46. Rxa5 f5 47. Kd3 g4 48. Ra8 e5 49. Ke2 Bd4 50. Rg8+ Kf6 51. Rc8 Kg5 52. Rc6 Kf4 53. Rc8 Ke4 54. Rf8 g3 55. Kf1 f4 56. Kg2 Bf2 57. Rf7 Ke3 58. Rb7 f3+ 59. Kh3 g2 60. Rb3+ Ke2 61. Rb1 g1=Q 62. Rb2+ Kd3 63. Rd2+ Ke4 64. Re2+ Kd4 65. Re4+ Kd3 66. Rd4+ Bxd4 0-1


[Site "https://www.chess.com"]

[Event "Titled Tuesday Blitz June 1 2021"]
[White "Annaberdiyev, Babageldi"]
[Black "Vazquez, Guillermo"]
[WhiteFideId "14000385"]
[BlackFideId "3702308"]
[WhiteElo "2332"]
[BlackElo "2536"]
[Result "1-0"]
[Round "10"]
[TimeControl "180+1"]
[Date "2021.06.01"]
[WhiteClock "0:00:49"]
[BlackClock "0:00:08"]

1. e4 c6 2. d4 d5 3. Nd2 dxe4 4. Nxe4 Nf6 5. Nxf6+ exf6 6. Bc4 Na6 7. Qe2+ Be7 8. Nf3 O-O 9. O-O Bd6 10. Re1 Nc7 11. Qd3 a5 12. a4 Bg4 13. h3 Bh5 14. c3 Qd7 15. Nh4 Rfe8 16. Bd2 Bf8 17. g4 Bg6 18. Nxg6 hxg6 19. Qxg6 b5 20. Ba2 bxa4 21. Qd3 Nb5 22. Bb1 g6 23. Rxe8 Qxe8 24. Rxa4 c5 25. Ra1 cxd4 26. cxd4 a4 27. Bc2 a3 28. bxa3 Nxa3 29. Bb3 Kg7 30. d5 Bd6 31. Bc3 Be5 32. Re1 Nb5 33. Bxe5 fxe5 34. f4 Qb8 35. fxe5 Qb6+ 36. Qe3 Nd4 37. Bd1 Ra3 38. Qf2 Rxh3 39. Kg2 Rd3 40. e6 fxe6 41. Rf1 Qb8 42. Qf7+ Kh6 43. g5+ Kxg5 44. Qf6+ 1-0


[Site "https://www.chess.com"]

[Event "Titled Tuesday Blitz June 1 2021"]
[White "Baches Garcia, Guillermo"]
[Black "Goncalves, Davi Sulzbacher"]
[WhiteFideId "2209764"]
[BlackFideId "2154510"]
[WhiteElo "2410"]
[BlackElo "2107"]
[Result "0-1"]
[Round "10"]
[TimeControl "180+1"]
[Date "2021.06.01"]
[WhiteClock "0:00:09"]
[BlackClock "0:00:04"]

1. e4 c6 2. c4 d5 3. exd5 cxd5 4. cxd5 Nf6 5. Nc3 Nxd5 6. Nf3 Nc6 7. Bb5 Bg4 8. Qa4 Nxc3 9. Bxc6+ bxc6 10. Qxc6+ Bd7 11. Qxc3 Rc8 12. Qe3 e6 13. O-O Bd6 14. d4 O-O 15. Ne5 Bb5 16. Re1 Rc2 17. Qb3 Qa5 18. Be3 Rfc8 19. a4 Ba6 20. h3 h6 21. Red1 Qd5 22. Qxd5 exd5 23. Rdc1 f6 24. Nf3 Rxb2 25. Rxc8+ Bxc8 26. Rc1 Bd7 27. a5 Rb5 28. Bd2 Kf7 29. Kf1 g5 30. Ke2 Rb3 31. Rc3 Bb5+ 32. Kd1 Rb1+ 33. Kc2 Ra1 34. Rc8 Bc4 35. Ra8 a6 36. Ra7+ Kg6 37. Rd7 Ba3 38. Be3 Ra2+ 39. Kb1 Rb2+ 40. Ka1 Rc2 41. Ne1 Re2 42. Nf3 h5 43. Rc7 Kf5 44. Kb1 Bd3+ 45. Ka1 Bc4 46. Kb1 Bd3+ 47. Ka1 Bb2+ 48. Ka2 Bxd4+ 49. Kb3 Bxe3 50. fxe3 Rxe3 51. Kb4 Bb5 52. Nd4+ Ke4 53. Nxb5 axb5 54. a6 Re1 55. Kxb5 Rb1+ 56. Kc5 Rc1+ 57. Kb6 Rb1+ 58. Kc6 Ra1 59. Kb7 d4 60. a7 d3 61. Rc6 d2 62. Rd6 Rxa7+ 63. Kxa7 Ke3 64. Kb6 Ke2 65. Kc5 f5 66. Rd5 f4 67. Kd6 g4 68. hxg4 hxg4 69. Ke5 f3 70. gxf3 gxf3 71. Kf4 f2 0-1


[Site "https://www.chess.com"]

[Event "Titled Tuesday Blitz June 1 2021"]
[White "Balakrishnan, Praveen"]
[Black "Indjic, Aleksandar"]
[WhiteFideId "2064871"]
[BlackFideId "911925"]
[WhiteElo "2237"]
[BlackElo "2643"]
[Result "0-1"]
[Round "10"]
[TimeControl "180+1"]
[Date "2021.06.01"]
[WhiteClock "0:00:01"]
[BlackClock "0:00:16"]

1. b4 Nc6 2. b5 Nd4 3. e3 Nf5 4. e4 Nh4 5. g3 Ng6 6. d4 d6 7. f4 e5 8. f5 N6e7 9. dxe5 dxe5 10. Qxd8+ Kxd8 11. Nc3 g6 12. Bc4 f6 13. g4 h5 14. g5 gxf5 15. Nf3 Bg7 16. Bf7 Bd7 17. Ba3 Kc8 18. O-O-O a6 19. b6 cxb6 20. Rd2 Bc6 21. Rhd1 Kb8 22. Rd8+ Ka7 23. Rxa8+ Kxa8 24. Rd8+ Ka7 25. Bd6 b5 26. Bc5+ b6 27. Bd6 fxe4 28. gxf6 Nxf6 29. Rxh8 exf3 30. Kd2 Bxh8 31. Bxe7 e4 32. Bg6 f2 33. Nd1 f1=Q 0-1


[Site "https://www.chess.com"]

[Event "Titled Tuesday Blitz June 1 2021"]
[White "Baskin, Robert"]
[Black "Ter-Sahakyan, Samvel"]
[WhiteFideId "24662402"]
[BlackFideId "13302531"]
[WhiteElo "2462"]
[BlackElo "2551"]
[Result "0-1"]
[Round "10"]
[TimeControl "180+1"]
[Date "2021.06.01"]
[WhiteClock "0:00:02"]
[BlackClock "0:00:52"]

1. d4 Nf6 2. c4 e6 3. Nf3 d5 4. g3 Bb4+ 5. Bd2 a5 6. Bg2 O-O 7. Qc2 c5 8. cxd5 cxd4 9. Nxd4 Qb6 10. e3 exd5 11. O-O Nc6 12. Nxc6 bxc6 13. Rc1 Rb8 14. Nc3 h5 15. a3 Be7 16. Na4 Qd8 17. Qxc6 Bd7 18. Qc2 h4 19. Nc5 Bg4 20. b4 axb4 21. axb4 h3 22. Bh1 d4 23. exd4 Qxd4 24. Bc3 Qc4 25. Bd2 Qxc2 26. Rxc2 Rfd8 27. Na6 Rb6 28. Nc5 Nd5 29. Rb2 Bxc5 30. Bxd5 Rxd5 31. Ra8+ Kh7 0-1


[Site "https://www.chess.com"]

[Event "Titled Tuesday Blitz June 1 2021"]
[White "Can, Emre"]
[Black "Sychev, Klementy"]
[WhiteFideId "6302181"]
[BlackFideId "4114060"]
[WhiteElo "2503"]
[BlackElo "2615"]
[Result "1-0"]
[Round "10"]
[TimeControl "180+1"]
[Date "2021.06.01"]
[WhiteClock "0:01:11"]
[BlackClock "0:00:04"]

1. d4 Nf6 2. c4 c5 3. d5 a6 4. a4 e6 5. Nc3 Qe7 6. Ra3 g6 7. e4 exd5 8. cxd5 d6 9. Nf3 Bg7 10. h3 O-O 11. Bd3 Nxe4 12. Nxe4 f5 13. Bg5 Qe8 14. Qe2 fxe4 15. Bxe4 Bd7 16. O-O Bxa4 17. Re3 Qf7 18. Bd3 Re8 19. Be7 Bh6 20. Bxd6 Bxe3 21. fxe3 Bb5 22. e4 Bxd3 23. Qxd3 Nd7 24. Ng5 Qg7 25. Rf7 Qxf7 26. Nxf7 Kxf7 27. Qe3 Nf6 28. e5 Nxd5 29. Qf3+ Ke6 30. Qg4+ Kf7 31. Qd7+ Ne7 32. e6+ Kf8 33. Qxb7 Rad8 34. Qf3+ Kg7 35. Qf7+ Kh6 36. Bxe7 1-0


[Site "https://www.chess.com"]

[Event "Titled Tuesday Blitz June 1 2021"]
[White "Christensen, Thomas"]
[Black "Ognean, Mihnea-Ionut"]
[WhiteFideId "1403532"]
[BlackFideId "1232347"]
[WhiteElo "2266"]
[BlackElo "2012"]
[Result "0-1"]
[Round "10"]
[TimeControl "180+1"]
[Date "2021.06.01"]
[WhiteClock "0:00:20"]
[BlackClock "0:00:19"]

1. d4 Nf6 2. Nc3 d5 3. e4 dxe4 4. f3 Nbd7 5. fxe4 e5 6. d5 Bc5 7. Bg5 h6 8. Bh4 c6 9. Nf3 O-O 10. Qd2 Re8 11. O-O-O Nf8 12. dxc6 Qxd2+ 13. Rxd2 bxc6 14. Bxf6 gxf6 15. Bc4 Be3 16. Rd1 Be6 17. Bb3 Rad8 18. Kb1 Bxd2 19. Rxd2 Rxd2 20. Nxd2 Ng6 21. g3 f5 22. Kc1 f4 23. Nf3 fxg3 24. hxg3 Bxb3 25. axb3 Kg7 26. Na4 h5 27. Nc5 f6 28. b4 Rh8 29. c4 h4 30. gxh4 Nxh4 31. Nxh4 Rxh4 32. Kc2 f5 33. exf5 Kf6 34. b3 Kxf5 35. Nd7 e4 36. b5 cxb5 37. c5 Ke6 38. Nb8 Kd5 39. b4 e3 40. Kd3 Re4 41. Na6 e2 0-1


[Site "https://www.chess.com"]

[Event "Titled Tuesday Blitz June 1 2021"]
[White "Costachi, Mihnea"]
[Black "Maksimenko, Viktor"]
[WhiteFideId "1217518"]
[BlackFideId "13710478"]
[WhiteElo "2479"]
[BlackElo "2269"]
[Result "1-0"]
[Round "10"]
[TimeControl "180+1"]
[Date "2021.06.01"]
[WhiteClock "0:02:01"]
[BlackClock "0:00:27"]

1. d4 Nf6 2. c4 e6 3. Nf3 d5 4. Nc3 Bb4 5. cxd5 exd5 6. Bg5 h6 7. Bh4 O-O 8. e3 c6 9. Bd3 Nbd7 10. Qc2 Re8 11. O-O-O b5 12. g4 Bxc3 13. Qxc3 b4 14. Qxc6 Nb6 15. Bxf6 gxf6 16. Kb1 Bd7 17. Qd6 Re6 18. Qf4 Kg7 19. h4 Nc4 20. g5 h5 21. Rhg1 Kf8 22. Bxc4 dxc4 23. d5 Ra6 24. gxf6 Qxf6 25. Qxc4 Bf5+ 26. e4 Rc8 27. Qxb4+ Ke8 1-0


[Site "https://www.chess.com"]

[Event "Titled Tuesday Blitz June 1 2021"]
[White "Csonka, Balazs"]
[Black "Chernomordik, Pavel"]
[WhiteFideId "742910"]
[BlackFideId "2804530"]
[WhiteElo "2404"]
[BlackElo "2299"]
[Result "1-0"]
[Round "10"]
[TimeControl "180+1"]
[Date "2021.06.01"]
[WhiteClock "0:00:04"]
[BlackClock "0:00:07"]

1. d4 g6 2. c4 Bg7 3. e4 Nc6 4. Be3 e5 5. dxe5 Nxe5 6. Bd4 Bf6 7. Nc3 Nc6 8. Bxf6 Nxf6 9. Qd2 d6 10. O-O-O Be6 11. f4 Qd7 12. Nf3 O-O-O 13. Bd3 Rde8 14. Rhe1 h6 15. Nd5 Qd8 16. Qc3 Nd7 17. Bc2 a5 18. Ne3 Nc5 19. a3 a4 20. Kb1 Bd7 21. Nd5 g5 22. e5 g4 23. Nd4 dxe5 24. Nxc6 bxc6 25. Nb4 exf4 26. Nxc6 Qg5 27. Ne5 Qf6 28. Qd4 Qd6 29. Qxd6 cxd6 30. Rxd6 Kc7 31. Rd5 f6 32. Rxc5+ Kd6 33. Rd5+ Kc7 34. Rxd7+ Kc8 35. Bf5 Rxe5 36. Rxe5 fxe5 37. Rh7+ Kb8 38. Rxh8+ Kc7 39. Bxg4 1-0


[Site "https://www.chess.com"]

[Event "Titled Tuesday Blitz June 1 2021"]
[White "Demchenko, Anton"]
[Black "Gogolev, Artem"]
[WhiteFideId "4160258"]
[BlackFideId "4116615"]
[WhiteElo "2593"]
[BlackElo "2191"]
[Result "1-0"]
[Round "10"]
[TimeControl "180+1"]
[Date "2021.06.01"]
[WhiteClock "0:00:39"]
[BlackClock "0:00:01"]

1. d4 Nf6 2. Nf3 e6 3. Bf4 c5 4. e3 b6 5. Bd3 Bb7 6. Nbd2 cxd4 7. exd4 Be7 8. c3 O-O 9. O-O d6 10. h3 a6 11. Bg3 Nbd7 12. a4 Qc7 13. Re1 h6 14. Nc4 b5 15. Ne3 Qb6 16. Nd2 Nd5 17. Qb3 Nxe3 18. Rxe3 Bd5 19. Qc2 Rfc8 20. axb5 axb5 21. Rxa8 Rxa8 22. Re1 Qa5 23. Ne4 Bxe4 24. Bxe4 Rc8 25. Qe2 Nf6 26. Bb7 Rc7 27. Bf3 Qa2 28. Qxb5 Rc8 29. Qb7 Re8 30. Bc6 Kf8 31. Bxe8 Nxe8 32. Qb8 h5 33. f3 h4 34. Bf2 d5 35. Kh1 Bd6 36. Qb5 g5 37. Be3 Be7 38. Qe2 Nd6 39. Bg1 Nf5 40. Bh2 Bd6 41. Bxd6+ Nxd6 42. Qd2 Nf5 43. Kh2 Qa7 44. Kg1 Qb8 45. b4 Qg3 46. Rb1 Kg7 47. b5 Nd6 48. Qe1 Qf4 49. Qe5+ Qxe5 50. dxe5 1-0


[Site "https://www.chess.com"]

[Event "Titled Tuesday Blitz June 1 2021"]
[White "Devaev, Alexander"]
[Black "Weetik, Vjacheslav"]
[WhiteFideId "4169395"]
[BlackFideId "4153472"]
[WhiteElo "2185"]
[BlackElo "2469"]
[Result "1/2-1/2"]
[Round "10"]
[TimeControl "180+1"]
[Date "2021.06.01"]
[WhiteClock "0:00:15"]
[BlackClock "0:00:03"]

1. d4 Nf6 2. c4 g6 3. Nc3 Bg7 4. e4 d6 5. Nf3 O-O 6. h3 e5 7. d5 a5 8. Bg5 h6 9. Be3 Na6 10. g4 c6 11. Rg1 cxd5 12. cxd5 Bd7 13. Nd2 Nc5 14. Be2 Rc8 15. h4 b5 16. g5 hxg5 17. hxg5 b4 18. gxf6 bxc3 19. fxg7 cxd2+ 20. Qxd2 Kxg7 21. Bh6+ Kg8 22. Bxf8 Qxf8 23. f3 Kg7 24. Rh1 Qd8 25. Qh6+ Kf6 26. Qh4+ Kg7 27. Qxd8 Rxd8 28. Rc1 Rb8 29. b3 a4 30. bxa4 Rb2 31. a5 Rxa2 32. a6 Bc8 33. Bc4 Ra3 34. Kf2 Bxa6 35. Bxa6 Rxa6 36. Rc2 Ra3 37. Rb1 f5 38. Rb6 fxe4 39. Rxd6 Rxf3+ 40. Ke2 Nd3 41. Rc7+ Kh6 42. Rd8 Nf4+ 43. Ke1 e3 44. Rc2 Kg5 45. Rh2 e2 46. Rxe2 Nxe2 47. Kxe2 e4 48. d6 Rd3 49. Re8 Rxd6 50. Rxe4 Rf6 51. Ke3 Kh5 52. Ke2 g5 53. Re8 g4 54. Rh8+ Kg5 55. Ke3 g3 56. Rg8+ Kh4 57. Rh8+ Kg4 58. Ke2 Rf5 59. Ke1 Kf3 60. Kf1 Rg5 61. Kg1 g2 62. Rf8+ Kg4 63. Rf2 Kh3 64. Rf3+ Rg3 65. Rxg3+ Kxg3 1/2-1/2


[Site "https://www.chess.com"]

[Event "Titled Tuesday Blitz June 1 2021"]
[White "Dobrov, Vladimir"]
[Black "Sarana, Alexey"]
[WhiteFideId "4136594"]
[BlackFideId "24133795"]
[WhiteElo "2614"]
[BlackElo "2629"]
[Result "0-1"]
[Round "10"]
[TimeControl "180+1"]
[Date "2021.06.01"]
[WhiteClock "0:00:55"]
[BlackClock "0:01:29"]

1. b3 Nf6 2. Bb2 g6 3. c4 Bg7 4. g3 c6 5. Bg2 d5 6. Nf3 O-O 7. O-O Nbd7 8. d4 b5 9. Nbd2 bxc4 10. bxc4 Rb8 11. Qc2 Ba6 12. Rab1 Qa5 13. Bc3 Qc7 14. Qa4 Rxb1 15. Rxb1 Qc8 16. c5 Bxe2 17. Re1 Bxf3 18. Bxf3 e6 19. Nb3 Ne4 20. Bxe4 dxe4 21. Rxe4 Nf6 22. Re1 Nd5 23. Bd2 h5 24. h4 Qb7 25. Kg2 Rd8 26. Rd1 Bf6 27. Be1 Kg7 28. Na5 Qa6 29. Qxc6 Qe2 30. Rb1 Qe4+ 0-1


[Site "https://www.chess.com"]

[Event "Titled Tuesday Blitz June 1 2021"]
[White "Donchenko, Alexander"]
[Black "Sanchez Alvares, Kelvin Antonio"]
[WhiteFideId "24603295"]
[BlackFideId "3906680"]
[WhiteElo "2553"]
[BlackElo "2247"]
[Result "1-0"]
[Round "10"]
[TimeControl "180+1"]
[Date "2021.06.01"]
[WhiteClock "0:00:32"]
[BlackClock "0:00:12"]

1. e4 c5 2. Nf3 d6 3. Bb5+ Nd7 4. O-O a6 5. Bd3 Ngf6 6. c3 b5 7. a4 c4 8. Bc2 Bb7 9. Re1 e5 10. d4 cxd3 11. Qxd3 Nc5 12. Qe2 bxa4 13. Be3 Nfd7 14. Bxc5 Nxc5 15. Rxa4 Be7 16. Ra1 O-O 17. Nbd2 Qc7 18. Nf1 Ne6 19. Ne3 Nf4 20. Qd2 Rfb8 21. g3 Ne6 22. b4 Rc8 23. Ra3 Ng5 24. Nxg5 Bxg5 25. h4 Bxe3 26. Rxe3 a5 27. Bb3 axb4 28. Rxa8 Bxa8 29. cxb4 Qc1+ 30. Qxc1 Rxc1+ 31. Kg2 Kf8 32. g4 Ke7 33. Kf3 Rb1 34. Rc3 Kd7 35. b5 f6 36. b6 Bc6 37. h5 h6 38. Be6+ Kxe6 39. Rxc6 Rb3+ 40. Kg2 Rb2 41. Kg3 Rb1 42. Kf3 Rb3+ 43. Ke2 Rb4 44. Kd3 Rb1 45. Kc2 Rb5 46. Kc3 Rb1 47. Kd3 Rb2 48. Ke3 Rb3+ 49. Ke2 Rb2+ 50. Kf1 Rb3 51. Kg2 Rb2 52. Kg3 Rb1 53. f3 Rg1+ 54. Kf2 Rb1 55. Kg2 Rb2+ 56. Kg3 Rb3 57. Rc7 Rxb6 58. Rxg7 d5 59. exd5+ Kxd5 60. Rg6 Ke6 61. Rxh6 Rb8 62. g5 Kf5 63. g6 Kg5 64. Rh7 Rg8 65. g7 f5 66. h6 Kg6 67. Rh8 Kf7 68. Kh4 1-0


[Site "https://www.chess.com"]

[Event "Titled Tuesday Blitz June 1 2021"]
[White "Wagner, Dinara"]
[Black "Nazaretyan, Tigran"]
[WhiteFideId "24157570"]
[BlackFideId "24162345"]
[WhiteElo "2260"]
[BlackElo "2247"]
[Result "1-0"]
[Round "10"]
[TimeControl "180+1"]
[Date "2021.06.01"]
[WhiteClock "0:02:33"]
[BlackClock "0:01:05"]

1. d4 Nf6 2. c4 c5 3. d5 b5 4. cxb5 a6 5. bxa6 Bxa6 6. Nf3 g6 7. g3 Bg7 8. Bg2 O-O 9. O-O d6 10. Nc3 Nbd7 11. Qc2 Ne8 12. Rd1 Nc7 13. a4 Nb6 14. Rb1 Bxc3 15. bxc3 Nbxd5 16. Bh6 Re8 17. Ng5 e6 18. c4 Nb4 19. Rxb4 cxb4 20. Bxa8 Nxa8 21. Qb2 f6 22. Ne4 Bxc4 23. Nxf6+ Kf7 24. Nxe8 Kxe8 25. Qh8+ Kd7 26. Rxd6+ 1-0


[Site "https://www.chess.com"]

[Event "Titled Tuesday Blitz June 1 2021"]
[White "Eugene, Floryan"]
[Black "Bommini, Mounika Akshaya"]
[WhiteFideId "20694784"]
[BlackFideId "25019872"]
[WhiteElo "2526"]
[BlackElo "1610"]
[Result "1-0"]
[Round "10"]
[TimeControl "180+1"]
[Date "2021.06.01"]
[WhiteClock "0:01:09"]
[BlackClock "0:00:01"]

1. e4 Nc6 2. Nf3 d6 3. d4 Nf6 4. Nc3 Bg4 5. Be2 e5 6. d5 Ne7 7. h3 Bd7 8. Be3 Ng6 9. a4 c6 10. a5 cxd5 11. exd5 Be7 12. O-O O-O 13. Qd2 Re8 14. Nb5 Ne4 15. Qb4 f5 16. Nxa7 Nf6 17. Bb6 Qb8 18. Nb5 Nxd5 19. Bc4 Be6 20. Bxd5 Bxd5 21. Nc7 Bxf3 22. Qb3+ Kh8 23. Qxf3 f4 24. Rfd1 Rf8 25. c4 Nh4 26. Qg4 Ng6 27. b4 f3 28. g3 Ra7 29. b5 Rf7 30. Qe6 Rf8 31. h4 h6 32. Qxg6 1-0


[Site "https://www.chess.com"]

[Event "Titled Tuesday Blitz June 1 2021"]
[White "Fayzullaev, Akmal"]
[Black "Krivonosov, Oleg"]
[WhiteFideId "14200554"]
[BlackFideId "11600349"]
[WhiteElo "2264"]
[BlackElo "2469"]
[Result "1-0"]
[Round "10"]
[TimeControl "180+1"]
[Date "2021.06.01"]
[WhiteClock "0:01:45"]
[BlackClock "0:00:11"]

1. e4 e5 2. Nf3 Nc6 3. Bb5 Nf6 4. d3 Bc5 5. Bxc6 dxc6 6. O-O Bg4 7. Be3 Qe7 8. h3 Bxf3 9. Qxf3 Bxe3 10. Qxe3 Nd7 11. Nd2 Qc5 12. Nc4 Qxe3 13. Nxe3 f6 14. Rad1 O-O-O 15. d4 exd4 16. Rxd4 Nc5 17. Rfd1 Rxd4 18. Rxd4 Rd8 19. Rxd8+ Kxd8 20. f3 Na4 21. Nd1 c5 22. Kf2 c4 23. Ke3 c5 24. Kf4 Ke7 25. e5 b5 26. exf6+ Kxf6 27. h4 b4 28. g4 Ke6 29. Ke4 Nb6 30. Ne3 a5 31. f4 a4 32. f5+ Kd6 33. g5 b3 34. cxb3 cxb3 35. axb3 axb3 36. h5 Na4 37. Nc4+ Ke7 38. Ke5 Kf7 39. h6 gxh6 40. gxh6 Ke7 41. f6+ Kf8 42. Kf5 Kf7 43. Ke5 Kf8 44. Ke6 Ke8 45. f7+ 1-0


[Site "https://www.chess.com"]

[Event "Titled Tuesday Blitz June 1 2021"]
[White "Fedoseev, Vladimir"]
[Black "Asis Gargatagli, Hipolito"]
[WhiteFideId "24130737"]
[BlackFideId "2260735"]
[WhiteElo "2756"]
[BlackElo "2557"]
[Result "1-0"]
[Round "10"]
[TimeControl "180+1"]
[Date "2021.06.01"]
[WhiteClock "0:01:42"]
[BlackClock "0:01:01"]

1. e4 e5 2. Nf3 Nc6 3. Bb5 a6 4. Ba4 Nf6 5. O-O Bc5 6. Re1 b5 7. Bb3 d6 8. c3 Bg4 9. d3 O-O 10. Nbd2 Na5 11. Bc2 b4 12. Nf1 Re8 13. h3 Bh5 14. Ng3 Bg6 15. d4 exd4 16. cxd4 Bb6 17. Bg5 h6 18. Bh4 c5 19. e5 dxe5 20. Bxg6 fxg6 21. Bxf6 Qxf6 22. dxe5 Qe6 23. Ne4 Rad8 24. Qa4 Rf8 25. Rad1 Nc4 26. Qb3 Rxd1 27. Rxd1 Re8 28. Neg5 1-0


[Site "https://www.chess.com"]

[Event "Titled Tuesday Blitz June 1 2021"]
[White "Fier, Alexandr"]
[Black "Enchev, Ivajlo"]
[WhiteFideId "2107139"]
[BlackFideId "2907712"]
[WhiteElo "2569"]
[BlackElo "2452"]
[Result "1-0"]
[Round "10"]
[TimeControl "180+1"]
[Date "2021.06.01"]
[WhiteClock "0:01:24"]
[BlackClock "0:00:05"]

1. d4 Nf6 2. Bg5 e6 3. e4 h6 4. Bxf6 Qxf6 5. c3 d5 6. Nd2 Qd8 7. Ngf3 Be7 8. Bd3 O-O 9. e5 c5 10. h4 Nc6 11. Bb1 f5 12. exf6 Bxf6 13. Qc2 cxd4 14. g4 dxc3 15. bxc3 Qa5 16. g5 Bxc3 17. Qh7+ Kf7 18. gxh6 Bxa1 19. hxg7 Bxg7 20. Ng5+ Ke8 21. Qxg7 Qb4 22. Bg6+ Kd8 23. Nf7+ Kc7 24. Nd6+ Kxd6 25. Qxf8+ Kc7 26. Qf7+ Bd7 27. h5 Rf8 28. Qg7 Rxf2 29. Kxf2 Qxd2+ 30. Kg3 Qg5+ 31. Kf2 Ne5 32. Rc1+ Kb6 33. Rb1+ Ka6 34. Rb3 Qf4+ 35. Kg2 Bc6 36. Ra3+ Kb5 37. Rb3+ Ka4 38. Bc2 d4+ 39. Kh3 Qf1+ 40. Kh4 Qf4+ 41. Kh3 Qf1+ 42. Kg3 Qg1+ 43. Kf4 Qxg7 44. Rxb7+ Ka3 45. Rxg7 d3 46. Kxe5 dxc2 47. Rg1 Kb2 48. h6 Bf3 49. h7 Bd1 50. h8=Q c1=Q 51. Kxe6+ Kxa2 52. Qh2+ Bc2 53. Rxc1 1-0


[Site "https://www.chess.com"]

[Event "Titled Tuesday Blitz June 1 2021"]
[White "Fus, Jakub"]
[Black "Maly, Alexey"]
[WhiteFideId "1193023"]
[BlackFideId "14103184"]
[WhiteElo "2138"]
[BlackElo "2314"]
[Result "1-0"]
[Round "10"]
[TimeControl "180+1"]
[Date "2021.06.01"]
[WhiteClock "0:00:05"]
[BlackClock "0:00:02"]

1. Nf3 c5 2. e4 d6 3. Bb5+ Nd7 4. a4 g6 5. O-O Bg7 6. d4 cxd4 7. Nxd4 Nf6 8. Nc3 O-O 9. Re1 a6 10. Bf1 Qc7 11. a5 e6 12. Nb3 Ne5 13. Be3 Nc4 14. Bxc4 Qxc4 15. Qxd6 Nxe4 16. Nxe4 Qxe4 17. Rac1 Qd5 18. Qxd5 exd5 19. Bd4 Bh6 20. Rcd1 Bd7 21. Nc5 Bc6 22. c3 Rfe8 23. f3 Kf8 24. Kf2 Rxe1 25. Rxe1 Re8 26. Be3 Bg7 27. Nb3 Bb5 28. Bd4 Bh6 29. Bc5+ Kg8 30. Be3 Bg7 31. Nc5 Bc6 32. Bd4 Rxe1 33. Kxe1 Bh6 34. b4 Kf8 35. Kf2 Ke7 36. Be3 Bg7 37. Bd4 Bh6 38. Nd3 Bb5 39. Ne5 Bd2 40. Ng4 Ke6 41. Nf6 h5 42. h4 Bc6 43. g4 hxg4 44. fxg4 Ba4 45. h5 gxh5 46. Nxh5 Bd1 47. Kg3 f5 48. Ng7+ Kd6 49. Nxf5+ Kc6 50. Ne7+ Kd6 51. Nf5+ Kc6 52. Ne3 Be2 53. g5 Bd3 54. Kf4 Be1 55. Ke5 Bg3+ 56. Kf6 Bh4 57. Nf5 Bxf5 58. Kxf5 Kd6 59. g6 Ke7 60. Ke5 Bg3+ 61. Kxd5 Bc7 62. Kc5 Ke6 63. g7 Kf7 64. Kd5 Bb8 65. Be5 Ba7 66. Ke4 1-0


[Site "https://www.chess.com"]

[Event "Titled Tuesday Blitz June 1 2021"]
[White "Garcia Garcia, Alejandro"]
[Black "Golubenko, Valentina"]
[WhiteFideId "3516334"]
[BlackFideId "4501993"]
[WhiteElo "2131"]
[BlackElo "2164"]
[Result "1-0"]
[Round "10"]
[TimeControl "180+1"]
[Date "2021.06.01"]
[WhiteClock "0:01:02"]
[BlackClock "0:00:03"]

1. Nf3 g6 2. g3 Bg7 3. Bg2 Nf6 4. O-O O-O 5. c4 c5 6. Nc3 Nc6 7. d4 cxd4 8. Nxd4 Nxd4 9. Qxd4 d6 10. b3 Ne4 11. Qxe4 Bxc3 12. Bh6 Bxa1 13. Bxf8 Bf6 14. Bh6 Rb8 15. a4 Bf5 16. Qd5 Bc2 17. Qb5 Qb6 18. b4 Qd4 19. Be3 Qb2 20. Bxa7 Rf8 21. Bxb7 Bc3 22. a5 Qxb4 23. Qxb4 Bxb4 24. a6 f5 25. Bd4 Be4 26. Bxe4 fxe4 27. a7 1-0


[Site "https://www.chess.com"]

[Event "Titled Tuesday Blitz June 1 2021"]
[White "Garv Gaur"]
[Black "Dzhaparov, Medet"]
[WhiteFideId "45030839"]
[BlackFideId "13803689"]
[WhiteElo "1950"]
[BlackElo "1702"]
[Result "0-1"]
[Round "10"]
[TimeControl "180+1"]
[Date "2021.06.01"]
[WhiteClock "0:00:10"]
[BlackClock "0:00:04"]

1. d4 Nf6 2. Nf3 g6 3. c4 Bg7 4. g3 O-O 5. Bg2 d5 6. cxd5 Nxd5 7. O-O c5 8. dxc5 Na6 9. e4 Ndb4 10. Na3 Nxc5 11. e5 Bg4 12. Be3 Ncd3 13. Qb3 Be6 14. Qc3 Rc8 15. Qd2 Nc6 16. Rfd1 Ndxe5 17. Nxe5 Qxd2 18. Rxd2 Bxe5 19. Bxc6 Rxc6 20. Bxa7 b6 21. Rc2 Rxc2 22. Nxc2 Bxb2 23. Rb1 Bf6 24. Bxb6 Rb8 25. a4 Bf5 26. a5 Bxc2 27. Rc1 Bd3 28. Rd1 Ba6 29. Rd7 e6 30. h4 h5 31. f3 Bc4 32. Kf2 Bd5 33. Ke3 Ra8 34. Kd3 Bxf3 35. Kc4 Be2+ 36. Kc5 Bf3 37. Kb5 Be5 38. Rd2 Bxg3 39. a6 Bd5 40. a7 Bxh4 41. Rc2 Bg3 42. Bd4 h4 43. Kb6 h3 44. Bg1 h2 45. Bxh2 Bxh2 46. Rxh2 g5 47. Rd2 g4 48. Rd3 f5 49. Rc3 f4 50. Rd3 g3 51. Rd4 g2 52. Rxf4 g1=Q+ 53. Rd4 Qxd4+ 54. Kc7 Qc4+ 55. Kd6 Qc6+ 56. Ke7 Rxa7+ 57. Kf6 e5+ 58. Kxe5 Qe6+ 59. Kd4 Ra4+ 60. Kc5 Qc6# 0-1


[Site "https://www.chess.com"]